 Dungeon Crawl Stone Soup version 0.31-a0-208-gdb31a4691d (webtiles) character file.

Game seed: 2507592888546940645

5 ragingrage the Charlatan (level 1, -1/15 HPs)
             Began as a Formicid Artificer on June 28, 2023.
             Slain by a kobold
             ... wielding a +0 short sword
              (2 damage)
             ... on level 1 of the Dungeon.
             The game lasted 00:00:19 (148 turns).

ragingrage the Charlatan (Formicid Artificer)        Turns: 148, Time: 00:00:19

Health: -1/15      AC:  3    Str: 16    XL:     1   Next: 88%
Magic:  1/1        EV: 11    Int: 10    God:
Gold:   15         SH:  0    Dex: 14    Spells: 0/0 levels left

rFire   . . .        a - +0 club
rCold   . . .        (no shield)
rNeg    . . .        b - +0 leather armour
rPois   .            (helmet unavailable)
rElec   .            (no cloak)
rCorr   .            (no gloves)
SInv    +            (no boots)
Will    .....        (no amulet)
Stlth   ++           (no ring)
HPRegen 0.22/turn    (no ring)
MPRegen 0.07/turn

%: no passive effects
@: no status effects
A: permanent stasis, dig shafts and tunnels, antennae 3, four strong arms
a: Dig, Shaft Self


You were on level 1 of the Dungeon.
You visited 1 branch of the dungeon, and saw 1 of its levels.

You collected 15 gold pieces.

Inventory:

Hand Weapons
 a - a +0 club (weapon)
Armour
 b - a +0 leather armour (worn)
Wands
 c - a wand of flame (15) (quivered)
 d - a wand of charming (15)
 e - a wand of iceblast (5)


   Skills:
 - Level 1.1 Fighting
 - Level 2.1 Armour
 - Level 0.8 Dodging
 + Level 1.9 Stealth
 + Level 3.5 Evocations


You couldn't memorise any spells.
You didn't know any spells.
Your spell library was empty.

Dungeon Overview and Level Annotations

Branches:
Dungeon (1/15)

Altars:


Innate Abilities, Weirdness & Mutations

You cannot be hasted, slowed, berserked, paralysed or teleported.
You can dig through walls and to a lower floor.
You have a pair of large antennae on your head. (SInv)
Your four strong arms can wield two-handed weapons with a shield.


Message History

No target in view!
No target in view!
No target in view!
No target in view!
No target in view!
No target in view!
No target in view!
No target in view!
What are your orders? t - Shout!
Orders for allies: a - Attack new target. r - Retreat! s - Stop attacking. g - Guard the area. f - Follow me.
Anything else - Cancel.
You shout for attention!
You hear a shout!
A kobold comes into view. It is wielding a +0 short sword.
The kobold throws a stone.
The stone hits you.
Something unseen opens the door.
A kobold comes into view. It is wielding a +0 short sword.
You closely miss the kobold. The kobold hits you with a +0 whip.
The kobold closely misses you.
You hit the kobold but do no damage. The kobold barely misses you.
You hit the kobold but do no damage. The kobold barely misses you.
You miss the kobold. The kobold hits you but does no damage.
The kobold hits you with a +0 whip.
You hit the kobold. The kobold hits you with a +0 whip.
You barely miss the kobold. The kobold barely misses you.
You hit the kobold.
You kill the kobold!
The kobold throws a stone.
The stone hits you.
* * * LOW HITPOINT WARNING * * *
You swing at nothing.
The kobold barely misses you.
You completely miss the kobold.
The kobold hits you with a +0 short sword.
* * * LOW HITPOINT WARNING * * *
You hit the kobold.
You kill the kobold!
You hit the kobold.
The kobold hits you with a +0 short sword.
You die...

.########
........###
..#.......#
#####.#.# '##
#.#.#
.....#####.#.#
#..K@...#.#
....######.#.###
. ####......####
'............#
####.........#
###........#
#..........#
#.##.......# #+
#)##.......#


You could see a kobold.

Vanquished Creatures
  A hobgoblin (D:1)
  3 kobolds (D:1)
4 creatures vanquished.

Notes
Turn   | Place    | Note
-------+----------+-------------------------------------------
     0 | D:1      | ragingrage the Formicid Artificer began the quest for the
                  | Orb.
     0 | D:1      | Reached XP level 1. HP: 15/15 MP: 1/1
    33 | D:1      | Found a faded altar of an unknown god.
   148 | D:1      | Slain by a kobold

Illustrated notes

Levels and vault maps discovered:
D:1:      sevenhm_arrival_forest_fort_small_5, layout_loops_corners,
          shapermc_ecumenical_altar_venn, chequers_serial_rivers_room_a,
          grunt_decor_junction, wander_ebering_terrifying_dragon_lair

Action                     || total
---------------------------++-------
  Melee: Club              ||    16
 Armour: Leather armour    ||     1
  Dodge: Dodged            ||     8

Table legend: (Time is in decaauts)
 A = Elapsed time spent in this place.
 B = Non-inter-level travel time spent in this place.
 C = Inter-level travel time spent in this place.
 D = Time resting spent in this place.
 E = Time spent auto-exploring this place.
 F = Levels seen in this place.
 G = Mean time per level.
                   A        B        C        D        E       F      G
               +--------+--------+--------+--------+--------+-----+--------+
         Total |    152 |    152 |      0 |      0 |    104 |   1 |  152.0 |
       Dungeon |    152 |    152 |      0 |      0 |    104 |   1 |  152.0 |
               +--------+--------+--------+--------+--------+-----+--------+

Top non-repeatable levels by time:
     D:1: 152 daAuts
